 Dungeon Crawl Stone Soup version 0.28-a0-683-ga8797d1ae1 (webtiles) character file.

Game seed: 2261928421967372478

616 KoroneIsBestGirl the Skirmisher (level 7, -4/60 (75) HPs)
             Began as an Ogre Conjurer on Oct 19, 2021.
             Was a Priest of Jiyva.
             Slain by a wight (6 damage)
             ... on level 3 of the Dungeon.
             The game lasted 00:07:22 (5685 turns).

KoroneIsBestGirl the Skirmisher (Ogre Conjurer)     Turns: 5685, Time: 00:07:23

HP:   -4/60 (75)    AC:  5    Str: 10    XL:     7   Next: 45%
MP:   7/14          EV: 10    Int: 27    God:    Jiyva [***...]
Gold: 51            SH:  0    Dex:  9    Spells: 15/16 levels left

rFire   . . .      SeeInvis .   e - +0 club
rCold   . . .      Faith    .   (no shield)
rNeg    . . .      Spirit   .   a - +0 robe
rPois   .          Reflect  .   (helmet restricted)
rElec   .          Harm     .   (no cloak)
rCorr   +          Rampage  .   (gloves unavailable)
Will    .....                   (boots unavailable)
Stlth   +.........              (no amulet)
HPRegen 0.20/turn               d - +6 ring of intelligence
MPRegen 0.14/turn               (no ring)

@: heavily drained
A: large, unfitting armour, tough skin 1, iridescent scales 1
a: Renounce Religion, Request Jelly


You were on level 3 of the Dungeon.
You worshipped Jiyva.
Jiyva was most pleased with you.
You visited 1 branch of the dungeon, and saw 5 of its levels.

You collected 51 gold pieces.

Inventory:

Hand Weapons
 e - a +0 club (weapon)
Armour
 a - a +0 robe (worn)
Jewellery
 d - a +6 ring of intelligence (left hand)


   Skills:
 - Level 6.0 Fighting
 - Level 2.3 Dodging
 - Level 1.4 Stealth
 + Level 5.2 Spellcasting
 + Level 5.2 Conjurations


You had 15 spell levels left.
You knew the following spells:

 Your Spells              Type           Power      Damage    Failure   Level
a - Magic Dart            Conj           100%       1d8       1%          1

Your spell library contained the following spells:

 Spells                   Type           Power      Damage    Failure   Level
 Searing Ray              Conj           70%        2d7       1%          2
 Sting                    Tmut/Pois      28%        1d4       7%          1
 Dazzling Flash           Conj/Hex       42%        N/A       7%          3
 Fulminant Prism          Conj/Hex       10%        3d9       24%         4
 Iskenderun's Mystic Bla  Conj/Tloc      21%        2d6       24%         4
 Irradiate                Conj/Tmut      10%        3d17      54%         5
 Blade Hands              Tmut           3%         N/A       89%         5


Dungeon Overview and Level Annotations

Branches:
Dungeon (5/15)
 Temple: D:4-7

Altars:
Cheibriados
Jiyva

Shops:
D:1 ?   D:2 :(


Innate Abilities, Weirdness & Mutations

You are too large for most types of armour.
You have tough skin. (AC +1)
You are partially covered in iridescent scales. (AC +2)


Message History

Press: ? - help, Shift-Dir - straight line, f/p - wight
Aim: a wight, wielding a +3 scimitar and wearing a +0 robe (100% to hit)
The magic dart hits the wight.
The wight is lightly damaged.
The wight barely misses you.
Casting: Magic Dart (safe; 1% risk of failure)
Confirm with . or Enter, or press ? or * to list all spells.
Aiming: Magic Dart (safe; 1% risk of failure)
Press: ? - help, Shift-Dir - straight line, f/p - wight
Aim: a wight, wielding a +3 scimitar and wearing a +0 robe (lightly damaged, 100% to hit)
The magic dart hits the wight.
The wight is moderately damaged.
The wight hits you with a +3 scimitar!
* * * LOW HITPOINT WARNING * * *
Casting: Magic Dart (safe; 1% risk of failure)
Confirm with . or Enter, or press ? or * to list all spells.
Aiming: Magic Dart (safe; 1% risk of failure)
Press: ? - help, Shift-Dir - straight line, f/p - wight
Aim: a wight, wielding a +3 scimitar and wearing a +0 robe (moderately damaged, 100% to hit)
The magic dart hits the wight.
The wight is heavily damaged.
The wight hits you with a +3 scimitar.
* * * LOW HITPOINT WARNING * * *
Casting: Magic Dart (safe; 1% risk of failure)
Confirm with . or Enter, or press ? or * to list all spells.
Aiming: Magic Dart (safe; 1% risk of failure)
Press: ? - help, Shift-Dir - straight line, f/p - wight
Aim: a wight, wielding a +3 scimitar and wearing a +0 robe (heavily damaged, 100% to hit)
The magic dart hits the wight.
The wight is heavily damaged.
The wight closely misses you.
Casting: Magic Dart (safe; 1% risk of failure)
Confirm with . or Enter, or press ? or * to list all spells.
Aiming: Magic Dart (safe; 1% risk of failure)
Press: ? - help, Shift-Dir - straight line, f/p - wight
Aim: a wight, wielding a +3 scimitar and wearing a +0 robe (heavily damaged, 100% to hit)
The magic dart hits the wight but does no damage.
The wight is heavily damaged.
The wight hits you with a +3 scimitar.
You die...

##.....#####.8..# ####8##8
##....#####..)..##### #.'.[...
.....##....##)##'...######.##8##8
##...#<.8..##.##..8.<#.....######
##...##...##.).##...########
####.#######.8.###### ####.#.##
#...# #.....#.#####>#######
#.##.###....###.@zz.#
..###.#.####.######.#############
..####.## #.# #.............#
.......# #.# #z#######.###..
..###### #.# #.........# #.#
.......# #.######.#######.###.#
######.# #.............##.....#
#.# ####..##.####.#####.## #.#
#..##.# #.# #J#


You could see 2 wights.

Vanquished Creatures
  An ogre (D:4)
  2 scorpions
  A wight (D:4)
  6 orc priests
  A gnoll shaman (D:4)
  Robin (D:3)
  2 adders
  4 gnolls (D:2)
  2 worms
  2 dart slugs (D:1)
  10 orcs (D:3)
  5 ball pythons
  2 endoplasms (D:1)
  2 giant cockroaches
  7 goblins
  9 hobgoblins
  4 jackals (D:2)
  4 quokkas
  4 bats
  3 frilled lizards
  6 kobolds
  A rat (D:1)
79 creatures vanquished.

Vanquished Creatures (others)
  A centaur zombie (D:5)
  4 jellies
  Natasha (thrice) (D:2)
  An orc wizard (D:3)
  3 gnolls (D:4)
  A river rat (D:3)
  An adder (D:3)
  A worm (D:3)
  3 endoplasms
  3 orcs
  6 giant cockroaches
  3 goblins
  A ball python (D:3)
  2 bats (D:1)
  A frilled lizard (D:1)
  A kobold (D:1)
  2 rats
37 creatures vanquished.

Grand Total: 116 creatures vanquished

Notes
Turn   | Place    | Note
-------+----------+-------------------------------------------
     0 | D:1      | KoroneIsBestGirl the Ogre Conjurer began the quest for the
                  | Orb.
     0 | D:1      | Reached XP level 1. HP: 16/16 MP: 3/3
   193 | D:1      | Reached XP level 2. HP: 24/24 MP: 0/5
   346 | D:1      | Found a faded altar of an unknown god.
   367 | D:1      | Prayed at the altar of an unknown god.
   367 | D:1      | Became a worshipper of Jiyva Jackot the Shapeless
   367 | D:1      | Reached * piety under Jiyva
   587 | D:1      | Found Vudgh's Magic Scroll Shop.
   732 | D:1      | Reached XP level 3. HP: 31/31 MP: 5/7
  1140 | D:2      | Reached skill level 1 in Fighting
  1222 | D:2      | Reached skill level 2 in Fighting
  1222 | D:2      | Reached XP level 4. HP: 33/42 MP: 2/8
  1403 | D:2      | Killed Natasha
  1445 | D:2      | Found Vuhaut's Book Shop.
  1511 | D:2      | Killed Natasha
  1634 | D:2      | Killed Natasha
  2085 | D:2      | Found Woadd's Antique Weapon Shoppe.
  2227 | D:3      | Reached skill level 3 in Fighting
  2227 | D:3      | Reached XP level 5. HP: 53/53 MP: 3/10
  2851 | D:3      | Reached skill level 4 in Fighting
  2868 | D:3      | Reached XP level 6. HP: 9/63 MP: 0/12
  3023 | D:3      | Reached ** piety under Jiyva
  3253 | D:3      | Noticed Robin
  3777 | D:3      | Killed Robin
  3778 | D:3      | Reached skill level 5 in Fighting
  4151 | D:3      | You fall into a shaft and drop 2 floors!
  4151 | D:5      | Entered Level 5 of the Dungeon
  4370 | D:4      | Reached *** piety under Jiyva
  4408 | D:4      | Reached XP level 7. HP: 55/74 MP: 4/13
  4429 | D:4      | Gained mutation: You are partially covered in iridescent
                  | scales. (AC +2) [Jiyva's grace]
  4958 | D:3      | Got the Catalogue of Shape Shifting
  5012 | D:4      | Found a snail-covered altar of Cheibriados.
  5019 | D:4      | Reached skill level 5 in Conjurations
  5087 | D:4      | Reached skill level 6 in Fighting
  5087 | D:4      | Reached skill level 5 in Spellcasting
  5682 | D:3      | HP: 3/60 [wight (13)]
  5685 | D:3      | Slain by a wight

Illustrated notes

Levels and vault maps discovered:
D:1:      minmay_arrival_wavy_path, layout_rooms, ebering_ecumenical_altar_rust,
          serial_shops, nicolae_shop_crystal
D:2:      layout_basic, serial_shops, nicolae_shop_stone,
          nicolae_shop_behind_doors, uniq_natasha
D:3:      layout_loops_ring, portal_sewer_entry_b, grunt_ministairs_4,
          dk_noncrumbling_2, uniq_robin
D:4:      layout_cave_pools, slow_altar_1, zin_statuary, serial_glass,
          glass_columns_c, glass_columns_c, glass_columns_b, glass_columns_c,
          glass_columns_a, glass_columns_b, glass_columns_a
D:5:      layout_loops_ring, uniq_duvessa

Skill      XL: |  1  2  3  4  5  6  7 |
---------------+----------------------+-----
Dodging        | 2 |  2.3
Spellcasting   | 3 4 5 |  5.2
Conjurations   | 4 5 |  5.2
Fighting       | 2 3 4 5 6 |  6.0
Stealth        | |  1.4

Action                   |  1- 3 |  4- 6 |  7- 9 || total
-------------------------+-------+-------+-------++-------
Melee: Unarmed           |    17 |       |       ||    17
       Dagger            |     2 |       |       ||     2
       Club              |     1 |    54 |     4 ||    59
 Cast: Magic Dart        |    56 |   139 |    57 ||   252
  Use: Potion            |       |     1 |       ||     1
       Scroll            |       |       |     2 ||     2
Armor: Robe              |     8 |    32 |       ||    40
Dodge: Dodged            |    24 |    65 |    17 ||   106

Table legend: (Time is in decaauts)
 A = Elapsed time spent in this place.
 B = Non-inter-level travel time spent in this place.
 C = Inter-level travel time spent in this place.
 D = Time resting spent in this place.
 E = Time spent auto-exploring this place.
 F = Levels seen in this place.
 G = Mean time per level.
                   A        B        C        D        E       F      G
               +--------+--------+--------+--------+--------+-----+--------+
         Total |   5688 |   5580 |    108 |   1263 |   3674 |   5 | 1137.6 |
       Dungeon |   5688 |   5580 |    108 |   1263 |   3674 |   5 | 1137.6 |
               +--------+--------+--------+--------+--------+-----+--------+

Top non-repeatable levels by time:
     D:3: 2035 daAuts
     D:2: 1864 daAuts
     D:1: 1053 daAuts
     D:4: 526 daAuts
     D:5: 209 daAuts
